 Dungeon Sprint DCSS version 0.31-a0-716-gc7603755dd (webtiles) character file.

Game seed: 11030011577469628843

559 rocky1 the Carver (level 7, -4/58 HPs)
             Began as a Djinni Fighter on Sept 11, 2023.
             Was an Initiate of Gozag.
             Slain by a deep elf pyromancer
             ... wielding a +1 long sword of holy wrath
              (8 damage)
             ... in the Dungeon (Sprint III: "The Ten Rune Challenge").
             The game lasted 00:03:20 (837 turns).

rocky1 the Carver (Djinni Fighter)                   Turns: 837, Time: 00:03:21

Health: -4/58      AC:  7    Str: 15    XL:     7   Next: 57%
Gold:   336        EV: 10    Int: 10    God:    Gozag SH:  6 Dex: 14

rFire   + + .        a - +0 long sword
rCold   x . .        c - +0 buckler
rNeg    . . .        b - +0 scale mail
rPois   ∞            (no helmet)
rElec   .            (no cloak)
rCorr   .            (no gloves)
SInv    .            (boots unavailable)
Will    .....        (no amulet) Stlth
                     (no ring)
HPRegen 0.29/turn    (no ring)
MPRegen 0.00/turn

%: no teleportation, infuse magic (-5 HP)
@: mighty, flying
A: sickness immunity, fire resistance 2, cold vulnerability 1, float, innate
caster, HP casting, extra vitality 1
a: Renounce Religion, Potion Petition, Call Merchant, Bribe Branch


You were in the Dungeon.
You worshipped Gozag.
Gozag was aware of your devotion.
You visited 1 branch You collected 336 gold pieces.

Inventory:

Hand Weapons
 a - a +0 long sword (weapon)
Armour
 b - a +0 scale mail (worn)
 c - a +0 buckler (worn)
Scrolls
 i - a scroll of blinking
 j - a scroll of silence {unknown}
 l - a scroll of poison {unknown}
 m - 2 scrolls of identify {unknown}
 o - a scroll of immolation {unknown}
Potions
 e - a potion of curing
 k - 4 potions of mutation {unknown}
 n - 3 potions of enlightenment
Miscellaneous
 f - a condenser vane (inert)


   Skills:
 + Level 7.4 Fighting
 * Level 8.3 Long Blades
 + Level 6.4 Armour
 + Level 3.9 Dodging
 + Level 7.3 Shields
 - Level 2.5 Spellcasting
 - Level 2.5 Conjurations
 - Level 2.5 Hexes
 - Level 2.5 Summonings
 - Level 2.5 Necromancy
 - Level 2.5 Translocations
 - Level 2.5 Transmutations
 - Level 2.5 Fire Magic
 - Level 2.5 Ice Magic
 - Level 2.5 Air Magic
 - Level 2.5 Earth Magic
 - Level 2.5 Poison Magic
 * Level 1.7 Evocations


You knew the following spells:

 Your Spells              Type           Power      Damage    Failure   Level
a - Magic Dart            Conj           24%        1d4       41%         1
b - Call Imp              Summ           12%        N/A       56%         2
c - Summon Guardian Gole  Hex/Summ       6%         N/A       80%         3
Your spell library was empty.

Dungeon Overview and Level Annotations

Branches:
Dungeon (1/1)

Altars:
Cheibriados
Dithmenos
Elyvilon
Fedhas
Gozag
Hepliaklqana
Makhleb
Nemelex Xobeh
Qazlal
Ru
Xom
Yredelemnul
Zin
The Shining One
Jiyva
Lugonu


Innate Abilities, Weirdness & Mutations

You are immune to sickness and miasma.
You are immune to poison.
Your flesh is very heat resistant. (rF++)
You are vulnerable to cold. (rC-)
You float through the air rather than walking.
You learn spells naturally, not from books.
Your magical power is your life essence.
You have superior vitality. (+4 MHP)


Message History

You block the fire elemental's attack.
Clouds condense from the air!
The condenser dries out!
The fire elemental closely misses you.
The deep elf pyromancer mumbles some strange words.
You hit the deep elf pyromancer but do no damage.
You block the fire elemental's attack.
The deep elf pyromancer hits you but does no damage.
The fire elemental hits you. The fire elemental burns you! You resist.
The fire elemental hits you. The fire elemental burns you! You resist.
The fire elemental hits you. The fire elemental burns you! You resist.
You closely miss the deep elf pyromancer.
The deep elf pyromancer hits you with a +1 long sword of holy wrath!
The fire elemental hits you. The fire elemental burns you! You resist.
The fire elemental hits you. The fire elemental burns you! You resist.
The fire elemental hits you. The fire elemental burns you! You resist.
You slash the deep elf pyromancer!
The deep elf pyromancer is lightly wounded.
You block the fire elemental's attack. The fire elemental hits you.
The fire elemental burns you! You resist.
* * * LOW HITPOINT WARNING * * *
The deep elf pyromancer barely misses you.
The fire elemental misses you.
You feel very mighty all of a sudden. The fire elemental hits you.
The fire elemental burns you! You resist.
* * * LOW HITPOINT WARNING * * *
You block the fire elemental's attack. The fire elemental hits you.
* * * LOW HITPOINT WARNING * * *
The fire elemental burns you! You resist.
* * * LOW HITPOINT WARNING * * *
The deep elf pyromancer barely misses you.
The fire elemental hits you. The fire elemental burns you! You resist.
* * * LOW HITPOINT WARNING * * *
The fire elemental closely misses you. The fire elemental hits you.
The fire elemental burns you! You resist.
* * * LOW HITPOINT WARNING * * *
You slash the deep elf pyromancer!
The deep elf pyromancer is heavily wounded.
The deep elf pyromancer hits you with a +1 long sword of holy wrath!
You die...
Your body crumbles into a pile of gold.

▓▓▓▓▓▓▓▓ ▓▓▓ ..'....♣♣♣
♣.##### #### ..#....♣.♣
♣.#E§E# #__# ###.....♣
♣♣.#e@E# #)_#
..#....~♣♣♣♣..###'#+###'##
..#...~~....♣.#..........#
..#..~~~~♣♣...'.⌠........#
#'#..~≈≈~~~...#...######'#
†)#.~~≈~~~....#.⌠.#__#...#
..#.~≈~~~.....#...#__#...#
..#.~~~.......#+###__#...#
###...........# #__#...+


You could see a deep elf pyromancer and 3 fire elementals.

Vanquished Creatures
  A shadow (D)
  A spatial vortex (D)
  A necrophage (D)
  A scorpion (D)
  A water elemental (D)
  A jelly (D)
  Jessica (D)
  A necromancer (D)
  A human (D)
  2 endoplasms (D)
  A rat (D)
12 creatures vanquished.

Notes
Turn   | Place    | Note
-------+----------+-------------------------------------------
     0 | D        | rocky1 the Djinni Fighter began the quest for the Orb.
     0 | D        | Reached XP level 1. HP: 20/20 MP: 0/0
     4 | D        | Reached skill level 2 in Long Blades
    35 | D        | Noticed Jessica
    40 | D        | Killed Jessica
    41 | D        | Reached skill level 3 in Long Blades
    41 | D        | Reached XP level 2. HP: 18/26 MP: 0/0
    41 | D        | Reached XP level 3. HP: 21/31 MP: 0/0
    41 | D        | Learned a level 1 spell: Magic Dart
   162 | D        | Noticed a scorpion
   173 | D        | Killed a scorpion
   174 | D        | Reached skill level 5 in Fighting
   174 | D        | Reached skill level 4 in Long Blades
   174 | D        | Reached skill level 5 in Armour
   174 | D        | Reached XP level 4. HP: 27/39 MP: 0/0
   269 | D        | Reached skill level 5 in Shields
   269 | D        | Reached XP level 5. HP: 38/43 MP: 0/0
   269 | D        | Learned a level 2 spell: Call Imp
   405 | D        | Noticed a water elemental
   409 | D        | Killed a water elemental
   410 | D        | Reached skill level 6 in Long Blades
   467 | D        | Reached XP level 6. HP: 17/51 MP: 0/0
   690 | D        | Noticed a shadow
   707 | D        | Killed a shadow
   708 | D        | Reached skill level 7 in Long Blades
   714 | D        | Found a blossoming altar of Fedhas.
   714 | D        | Found a stormy altar of Qazlal.
   714 | D        | Found a snail-covered altar of Cheibriados.
   714 | D        | Found a burning altar of Makhleb.
   714 | D        | Found a shimmering altar of Xom.
   714 | D        | Noticed a spatial vortex
   715 | D        | Found a hazy altar of Hepliaklqana.
   715 | D        | Found an opulent altar of Gozag.
   715 | D        | Found a sparkling altar of Nemelex Xobeh.
   715 | D        | Found a corrupted altar of Lugonu.
   715 | D        | Found a viscous altar of Jiyva.
   720 | D        | Became a worshipper of Gozag Ym Sagoz the Greedy
   741 | D        | Killed a spatial vortex
   742 | D        | Reached skill level 8 in Long Blades
   742 | D        | Reached XP level 7. HP: 46/58 MP: 0/0
   742 | D        | Learned a level 3 spell: Summon Guardian Golem
   794 | D        | Found a basalt altar of Yredelemnul.
   794 | D        | Found a shadowy altar of Dithmenos.
   794 | D        | Found a sacrificial altar of Ru.
   804 | D        | Reached skill level 1 in Evocations
   828 | D        | Found a glowing silver altar of Zin.
   828 | D        | Found a glowing golden altar of the Shining One.
   828 | D        | Found a white marble altar of Elyvilon.
   829 | D        | Noticed a deep elf pyromancer
   830 | D        | Noticed a fire elemental
   833 | D        | Noticed a fire elemental
   833 | D        | Noticed a fire elemental
   837 | D        | Slain by a deep elf pyromancer

Illustrated notes

Levels and vault maps discovered:
D:        dungeon_sprint_mu [sprint_mu_entry_forest, sprint_mu_temple_rooms,
          sprint_mu_d1_spiders, sprint_mu_d2_genie, sprint_mu_d3_branching,
          sprint_mu_orc_legion, sprint_mu_elf_gauntlet, sprint_mu_hive_nellie,
          sprint_mu_lair_fedhas, sprint_mu_vaults_butterflies,
          sprint_mu_slime_circle, sprint_mu_shoals_kraken,
          sprint_mu_snake_twists, sprint_mu_blade_basic,
          sprint_mu_crypt_fortress, sprint_mu_tomb_spiral,
          sprint_mu_vestibule_basic, sprint_mu_gehenna_hellfire,
          sprint_mu_dis_giant, sprint_mu_tartarus_statrot,
          sprint_mu_cocytus_islands, sprint_mu_zot1]

Skill      XL: |  1  2  3  4  5  6  7 |
---------------+----------------------+-----
Long Blades    | 3 4 6 8 |  8.3
Fighting       | 4 5 6 7 |  7.4
Armour         | 4 5 6 |  6.4
Shields        | 4 5 6 7 |  7.3
Dodging        | 3 |  3.9
Spellcasting   | 2 |  2.5
Conjurations   | 2 |  2.5
Hexes          | 2 |  2.5
Summonings     | 2 |  2.5
Necromancy     | 2 |  2.5
Translocations | 2 |  2.5
Transmutations | 2 |  2.5
Fire Magic     | 2 |  2.5
Ice Magic      | 2 |  2.5
Air Magic      | 2 |  2.5
Earth Magic    | 2 |  2.5
Poison Magic   | 2 |  2.5
Evocations     | 1 |  1.7

Action                     |  1- 3 |  4- 6 |  7- 9 || total
---------------------------+-------+-------+-------++-------
  Melee: Long sword        |    16 |    61 |    17 ||    94
  Evoke: Condenser vane    |       |       |     1 ||     1
    Use: Potion            |       |     3 |     1 ||     4
 Armour: Scale mail        |    15 |    20 |    34 ||    69
  Dodge: Dodged            |     7 |    14 |     8 ||    29
  Block: Buckler           |     2 |    13 |     8 ||    23

Table legend: (Time is in decaauts)
 A = Elapsed time spent in this place.
 B = Non-inter-level travel time spent in this place.
 C = Inter-level travel time spent in this place.
 D = Time resting spent in this place.
 E = Time spent auto-exploring this place.
 F = Levels seen in this place.
 G = Mean time per level.
                   A        B        C        D        E       F      G
               +--------+--------+--------+--------+--------+-----+--------+
         Total |    847 |    847 |      0 |    583 |     30 |   1 |  847.0 |
       Dungeon |    847 |    847 |      0 |    583 |     30 |   1 |  847.0 |
               +--------+--------+--------+--------+--------+-----+--------+

Top non-repeatable levels by time:
       D: 847 daAuts
